AoeStats
← Faranight78000

Nomad

506471103Analyzed
2v2 RM · 20d ago on Sep 13, 2026· 40m 23s· 4 players
Game mode
Random Map
Map size
176×176
Population
200
Speed
Normal
Resources
Standard
Victory
Conquest
Starting age
Dark Age
Ending age
Imperial Age
RankedLock teamsTeams togetherTeam positionsShared explorationLock speedFull tech treeHidden civsTurbo modeCheats
Victory
Defeat
🇨🇭 Franks · Switzerland
983
+17
🇫🇷 Magyars · France
980
+18
🇫🇷 Celts · France
1029
-18
🇫🇷 Slavs · France
1004
-17
Jamie
4:37 Loom
13:37 Feudal Age
14:17 Double-Bit Axe
14:40 Town Watch
16:26 Wheelbarrow
21:06 Castle Age
19:03 Horse Collar
19:30 Scale Barding Armor
20:23 Bloodlines
21:08 Gold Mining
22:51 Chain Barding Armor
22:37 Husbandry
25:19 Heavy Plow
25:58 Crossbowman
27:09 Fletching
29:50 Padded Archer Armor
30:26 Bodkin Arrow
32:37 Thumb Ring
38:39 Imperial Age
37:34 Leather Archer Armor
37:58 Ballistics
38:00 Town Patrol
38:15 Hand Cart
38:46 Arbalester
39:58 Parthian Tactics
39:35 Bracer
40:44 Ring Archer Armor
peta
8:40 Loom
16:03 Feudal Age
20:17 Castle Age
20:33 Forging
20:30 Scale Barding Armor
21:30 Husbandry
23:45 Iron Casting
37:49 Imperial Age
36:36 Chain Barding Armor
38:14 Fletching
40:06 Wheelbarrow
39:18 Town Watch
Boeder
14:19 Loom
16:37 Feudal Age
21:02 Double-Bit Axe
24:01 Castle Age
27:24 Fishing Lines
27:34 Pikeman
28:31 Gillnets
29:44 Bow Saw
35:48 Wheelbarrow
35:50 Scale Mail Armor
40:51 Imperial Age
39:24 Town Watch
40:05 Chain Mail Armor
Faranight78000
4:43 Loom
15:36 Feudal Age
15:58 Horse Collar
16:17 Double-Bit Axe
27:55 Castle Age
27:03 Scale Mail Armor
27:14 Forging
27:58 Pikeman
28:39 Squires
29:25 Bow Saw
30:49 Chain Mail Armor
34:58 Man-at-Arms
38:28 Wheelbarrow
38:09 Town Watch
38:39 Gold Mining
Connection lost

Rejoining the realm…

Still unreachable

The connection could not be restored.

Session expired

The server has moved on; the page needs a fresh start.